 Dungeon Crawl Stone Soup version 0.27-a0-1116-g91b3acb402 (webtiles) character file.

Game seed: 8979398539438656965

68 Zeld the Skirmisher (level 4, 0/33 HPs)
             Began as an Octopode Fighter on May 2, 2021.
             Slain by a gnoll
             ... wielding a +0 flail
              (7 damage)
             ... on level 2 of the Dungeon.
             The game lasted 00:01:29 (1431 turns).

Zeld the Skirmisher (Octopode Fighter)              Turns: 1431, Time: 00:01:30

Health: 0/33       AC:  1    Str: 16    XL:     4   Next: 19%
Magic:  4/4        EV: 11    Int: 10    God:
Gold:   93         SH:  9    Dex: 11    Spells: 3/3 levels left

rFire    . . .     SeeInvis .   a - +0 war axe
rCold    . . .     Faith    .   b - +0 kite shield
rNeg     . . .     Spirit   .   (helmet restricted)
rPois    .         Reflect  .   (no amulet)
rElec    .         Harm     .   (no ring)
rCorr    .         Rampage  .   (no ring)
Will     .....                  (no ring)
Stlth    ++........             (no ring)
HPRegen  0.11/turn              (no ring)
MPRegen  0.09/turn              (no ring)
                                (no ring)
                                (no ring)

@: no status effects
A: almost no armour, amphibious, 8 rings, camouflage 1, gelatinous body 1,
(nimble swimmer 1), tentacles
a: no special abilities


You were on level 2 of the Dungeon.
You visited 1 branch of the dungeon, and saw 2 of its levels.

You collected 93 gold pieces.

Inventory:

Hand Weapons
 a - a +0 war axe (weapon)
Armour
 b - a +0 kite shield (worn)
Scrolls
 d - a scroll of identify {unknown}
 e - a scroll of teleportation {unknown}
Potions
 c - a potion of might
 f - a potion of lignification {unknown}
 g - a potion of flight {unknown}


   Skills:
 * Level 3.7 Fighting
 * Level 3.0 Axes
 - Level 3.0 Dodging
 * Level 3.7 Shields


You had 3 spell levels left.
You didn't know any spells.
Your spell library contained the following spells:

 Spells                   Type           Power      Damage    Failure   Level
 Passwall                 Tmut/Erth      0%         N/A       94%         2
 Swiftness                Air            0%         N/A       99%         3
 Passage of Golubria      Tloc           N/A        N/A       100%        4
 Lee's Rapid Deconstruct  Erth           0%         3d5*      100%        5
 Invisibility             Hex            0%         N/A       100%        6


Dungeon Overview and Level Annotations

Branches:
Dungeon (2/15)

Altars:


Innate Abilities, Weirdness & Mutations

You cannot wear most types of armour.
You are amphibious.
You can wear up to eight rings at the same time.
Your skin changes colour to match your surroundings (Stealth+).
Your rubbery body absorbs attacks. (AC +1, EV +1)
((You are camouflaged near water. (Stealth+)))
You have tentacles for arms and can constrict up to eight enemies at once.


Message History

The hobgoblin is severely wounded.
You constrict the hobgoblin.
You kill the hobgoblin!
You block the giant cockroach's attack.
You have reached level 4!
You closely miss the gnoll. You grab the gnoll.
Your shield prevents you from hitting the giant cockroach.
You constrict the gnoll. The giant cockroach closely misses you.
The gnoll closely misses you.
The giant cockroach waves its antennae.
The giant cockroach closely misses you.
Unknown command.
You slash the gnoll! You squeeze the gnoll.
You kill the gnoll!
You barely miss the giant cockroach. The giant cockroach barely misses you.
The giant cockroach bites you. You block the gnoll's attack.
Your Axes skill increases to level 3!
You barely miss the gnoll. Your grab misses the gnoll. You squeeze the gnoll.
The gnoll is lightly wounded.
You closely miss the giant cockroach. The giant cockroach bites you.
The gnoll hits you with a +0 flail! The giant cockroach bites you.
You hit the gnoll. Your grab misses the gnoll.
The gnoll is heavily wounded.
You closely miss the giant cockroach. You hit the gnoll.
You block the gnoll's attack. The giant cockroach closely misses you.
You block the gnoll's attack. The gnoll hits you with a +0 whip.
The giant cockroach bites you. The gnoll barely misses you.
Unknown command.
You are too injured to fight recklessly!
You are too injured to fight recklessly!
You are too injured to fight recklessly!
You closely miss the gnoll. You grab the gnoll.
The gnoll is moderately wounded.
You barely miss the gnoll.
You hit the giant cockroach but do no damage.
You constrict the gnoll. You block the giant cockroach's attack.
The gnoll hits you with a +0 whip.
* * * LOW HITPOINT WARNING * * *
The gnoll hits you with a +0 flail!
You die...

#.
#.......##.#
#.......##.#
##########.#
#.# #.# .
#### #.# ..>
... #.#
.....#g####.#
#..g@....#
###B######
... ####


You could see 2 gnolls and a giant cockroach.

Vanquished Creatures
  A gnoll (D:2)
  An adder (D:2)
  A worm (D:2)
  A dart slug (D:1)
  3 bats (D:2)
  2 endoplasms
  2 giant cockroaches
  4 goblins
  4 hobgoblins
  2 jackals (D:1)
  A quokka (D:2)
  5 ball pythons
  4 frilled lizards
  3 kobolds (D:2)
  10 rats
44 creatures vanquished.

Notes
Turn   | Place    | Note
-------+----------+-------------------------------------------
     0 | D:1      | Zeld the Octopode Fighter began the quest for the Orb.
     0 | D:1      | Reached XP level 1. HP: 16/16 MP: 1/1
   117 | D:1      | Reached XP level 2. HP: 17/21 MP: 2/2
   805 | D:2      | Reached XP level 3. HP: 23/26 MP: 3/3
  1427 | D:2      | Reached XP level 4. HP: 33/33 MP: 4/4
  1431 | D:2      | Slain by a gnoll

Illustrated notes

Levels and vault maps discovered:
D:1:      onia_arrival_handbag, layout_basic
D:2:      layout_loops_cross

Skill      XL: |  1  2  3  4 |
---------------+-------------+-----
Axes           | 3 |  3.0
Fighting       | |  3.7
Dodging        | |  3.0
Shields        | |  3.7

Action                   |  1- 3 |  4- 6 || total
-------------------------+-------+-------++-------
Melee: War axe           |    63 |     5 ||    68
       Constrict         |    19 |     2 ||    21
       Tentacles         |    12 |     2 ||    14
 Stab: Sleeping          |     7 |       ||     7
Armor: Skin              |     4 |       ||     4
Dodge: Dodged            |    23 |     6 ||    29
Block: Kite shield       |    29 |     4 ||    33

Table legend: (Time is in decaauts)
 A = Elapsed time spent in this place.
 B = Non-inter-level travel time spent in this place.
 C = Inter-level travel time spent in this place.
 D = Time resting spent in this place.
 E = Time spent auto-exploring this place.
 F = Levels seen in this place.
 G = Mean time per level.
                   A        B        C        D        E       F      G
               +--------+--------+--------+--------+--------+-----+--------+
         Total |   1471 |   1448 |     23 |      0 |   1164 |   2 |  735.5 |
       Dungeon |   1471 |   1448 |     23 |      0 |   1164 |   2 |  735.5 |
               +--------+--------+--------+--------+--------+-----+--------+

Top non-repeatable levels by time:
     D:1: 780 daAuts
     D:2: 691 daAuts
